 Dungeon Crawl Stone Soup version 0.24-a0-584-g9d6b971ae4 (webtiles) character file.

Game seed: 15988164560808527794, levelgen mode: deterministic

1014 MordorOrchid the Slasher (level 8, -2/100 HPs)
             Began as a Gnoll Chaos Knight on Sept 1, 2019.
             Was a Plaything of Xom.
             Slain by a sky beast (5 damage)
             ... on level 6 of the Dungeon.
             The game lasted 00:16:45 (2464 turns).

MordorOrchid the Slasher (Gnoll Chaos Knight)       Turns: 2464, Time: 00:16:45

Health: -2/100     AC:  8    Str: 19    XL:     8   Next: 21%
Magic:  12/12      EV: 12    Int: 17    God:    Xom [.....*]
Gold:   219        SH:  5    Dex: 15    Spells: 13/13 levels left

rFire    . . .     SeeInvis .   a - +0 falchion (chaos)
rCold    . . .     Gourm    .   w - +0 buckler
rNeg     . . .     Faith    .   l - +0 scale mail
rPois    +         Spirit   .   (no helmet)
rElec    .         Reflect  .   g - +0 cloak
rCorr    +         Harm     .   (no gloves)
MR       .....                  (no boots)
Stlth    ..........             (no amulet)
HPRegen  0.26/turn              E - ring of poison resistance
MPRegen  0.13/turn              v - ring of resist corrosion

@: berserking, very quick
A: distributed training, fangs 1, strong nose
a: Renounce Religion


You were on level 6 of the Dungeon.
You worshipped Xom.
You were Xom's teddy bear.
You were not hungry.

You visited 2 branches of the dungeon, and saw 7 of its levels.

You collected 219 gold pieces.

Inventory:

Hand Weapons
 a - a +0 falchion of chaos (weapon)
 f - a +0 trident
 j - a +0 hunting sling
 s - a +2 morningstar of crushing
 y - a +2 dagger of draining
Missiles
 e - 38 arrows
 t - 30 stones
 u - 13 boomerangs (quivered)
 z - 4 curare-tipped darts
Armour
 b - a +2 leather armour
 g - a +0 cloak (worn)
 l - a +0 scale mail (worn)
 w - a +0 buckler (worn)
 F - a +0 pair of boots
Magical Staves
 r - an uncursed staff of poison
Jewellery
 v - a ring of resist corrosion (right hand)
 E - a ring of poison resistance (left hand)
Wands
 D - a wand of acid (9)
 G - a wand of iceblast (3)
Scrolls
 d - a scroll of enchant weapon {unknown}
 n - a scroll of fog {unknown}
 o - 2 scrolls of remove curse
 x - a scroll of fear
Potions
 h - a potion of invisibility
 i - 2 potions of brilliance
 m - 2 potions of flight
 q - a potion of cancellation
 B - a potion of haste {unknown}
 C - a potion of lignification {unknown}
Comestibles
 c - 6 rations


   Skills:
 + Level 7.2 Fighting
 + Level 3.0 Short Blades
 + Level 7.2 Long Blades
 + Level 3.0 Axes
 + Level 3.0 Maces & Flails
 + Level 3.0 Polearms
 + Level 3.0 Staves
 + Level 3.0 Slings
 + Level 3.0 Bows
 + Level 3.0 Crossbows
 + Level 3.0 Throwing
 + Level 5.5 Armour
 + Level 4.0 Dodging
 + Level 3.0 Stealth
 + Level 3.0 Shields
 + Level 3.0 Unarmed Combat
 + Level 3.0 Spellcasting
 + Level 2.4 Conjurations
 + Level 2.4 Hexes
 + Level 2.4 Charms
 + Level 2.4 Summonings
 + Level 2.4 Necromancy
 + Level 2.4 Translocations
 + Level 2.4 Transmutations
 + Level 2.4 Fire Magic
 + Level 2.4 Ice Magic
 + Level 2.4 Air Magic
 + Level 2.4 Earth Magic
 + Level 2.4 Poison Magic
 + Level 3.3 Invocations
 + Level 3.0 Evocations


You had 13 spell levels left.
You didn't know any spells.
Your spell library was empty.

Dungeon Overview and Level Annotations

Branches:
Dungeon (7/15)             Temple (1/1) D:7

Altars:
Dithmenos
Okawaru
Xom


Innate Abilities, Weirdness & Mutations

Your experience applies equally to all skills.
You have very sharp teeth.
Your uncanny sense of smell can sniff out nearby items.


Message History

Something hits you but does no damage.
You miss something. Something hits you. Something shocks you.
* * * LOW HITPOINT WARNING * * *
You miss something. Something hits you.
* * * LOW HITPOINT WARNING * * *
Something shocks you.
* * * LOW HITPOINT WARNING * * *
You hit something but do no damage. Something hits you but does no damage.
Unknown command.
You completely miss something. You bite something.
Something hits you but does no damage.
You miss something. You bite something. Something hits you.
* * * LOW HITPOINT WARNING * * *
Something shocks you.
* * * LOW HITPOINT WARNING * * *
A red film seems to cover your vision as you go berserk!
You feel yourself moving faster!
You feel mighty! Something hits you.
* * * LOW HITPOINT WARNING * * *
Something shocks you.
You die...

#...÷.....########.......###
#....>....+....=.'.......'.#
#.....>...#.######.......###
#####+#...#.##############
#...........######
####..#...........
##).#.#........
##+#####)............
#........##.#@.##...)
#.......(##.{#.##..###
#..........)≈........#
####............#..#.....
#..........###....#..#..#
#.##.......# #...........
#.#######..# ####.##..#..
#.# #### #.##.#... #.#
##†.......


There were no monsters in sight!

Vanquished Creatures
  3 ogres
  A scorpion (D:7)
  A howler monkey (D:4)
  A quasit (D:7)
  A hound (D:4)
  3 orc priests
  Natasha (twice) (D:3)
  7 orc wizards
  A worker ant (D:4)
  8 adders
  A worm (D:2)
  A dart slug (D:2)
  3 leopard geckos
  15 orcs
  2 giant cockroaches
  6 goblins
  7 hobgoblins
  11 jackals
  7 kobolds
  3 quokkas
  4 bats
  2 frilled lizards
  5 rats
95 creatures vanquished.

Vanquished Creatures (collateral kills)
  A hippogriff (D:6)
  An iguana (D:6)
  A leopard gecko (D:6)
3 creatures vanquished.

Vanquished Creatures (others)
  2 orc priests (D:4)
2 creatures vanquished.

Grand Total: 100 creatures vanquished

Notes
Turn   | Place    | Note
-------+----------+-------------------------------------------
     0 | D:1      | MordorOrchid the Gnoll Chaos Knight began the quest for the
                  | Orb.
     0 | D:1      | Reached XP level 1. HP: 23/23 MP: 1/1
    66 | D:1      | You fall into a shaft and drop 1 floor!
   178 | D:2      | Reached XP level 2. HP: 19/29 MP: 2/2
   502 | D:2      | Found a shadowy altar of Dithmenos.
   513 | D:2      | Reached XP level 3. HP: 28/35 MP: 3/3
   544 | D:2      | XOM: divination: magic mapping
   577 | D:2      | Found an iron altar of Okawaru.
   586 | D:2      | Reached skill level 1 in Invocations
   616 | D:2      | Reached skill level 1 in Short Blades
   616 | D:2      | Reached skill level 1 in Axes
   616 | D:2      | Reached skill level 1 in Maces & Flails
   616 | D:2      | Reached skill level 1 in Polearms
   616 | D:2      | Reached skill level 1 in Staves
   616 | D:2      | Reached skill level 1 in Slings
   616 | D:2      | Reached skill level 1 in Bows
   616 | D:2      | Reached skill level 1 in Crossbows
   616 | D:2      | Reached skill level 1 in Throwing
   616 | D:2      | Reached skill level 1 in Stealth
   616 | D:2      | Reached skill level 1 in Shields
   616 | D:2      | Reached skill level 1 in Unarmed Combat
   616 | D:2      | Reached skill level 1 in Spellcasting
   616 | D:2      | Reached skill level 1 in Evocations
   779 | D:1      | XOM: mild Air miscast
   792 | D:1      | Reached XP level 4. HP: 31/41 MP: 5/5
   883 | D:1      | XOM: god gift: curved runed staff {god gift}
  1002 | D:3      | Reached skill level 1 in Conjurations
  1002 | D:3      | Reached skill level 1 in Hexes
  1002 | D:3      | Reached skill level 1 in Charms
  1002 | D:3      | Reached skill level 1 in Summonings
  1002 | D:3      | Reached skill level 1 in Necromancy
  1002 | D:3      | Reached skill level 1 in Translocations
  1002 | D:3      | Reached skill level 1 in Transmutations
  1002 | D:3      | Reached skill level 1 in Fire Magic
  1002 | D:3      | Reached skill level 1 in Ice Magic
  1002 | D:3      | Reached skill level 1 in Air Magic
  1002 | D:3      | Reached skill level 1 in Earth Magic
  1002 | D:3      | Reached skill level 1 in Poison Magic
  1005 | D:3      | Reached XP level 5. HP: 42/47 MP: 5/7
  1060 | D:3      | XOM: cloud trail
  1164 | D:3      | Noticed Natasha
  1169 | D:3      | Killed Natasha
  1169 | D:3      | Reached XP level 6. HP: 34/53 MP: 8/8
  1320 | D:3      | Noticed Natasha
  1330 | D:3      | Killed Natasha
  1385 | D:3      | Found a shimmering altar of Xom.
  1459 | D:3      | XOM: scenery: create altars
  1460 | D:3      | Reached skill level 5 in Armour
  1467 | D:4      | XOM: divine lightning
  1488 | D:4      | Reached XP level 7. HP: 38/59 MP: 8/10
  1797 | D:4      | You fall into a shaft and drop 3 floors!
  1823 | D:7      | Found a staircase to the Ecumenical Temple.
  1823 | D:7      | XOM: 1-stop teleportation journey
  1853 | Temple   | Entered the Ecumenical Temple
  1941 | Temple   | XOM: mild Conj miscast
  2137 | D:7      | XOM: confuse monster(s)
  2244 | D:6      | Reached XP level 8. HP: 66/67 MP: 12/12
  2298 | D:6      | Noticed a hippogriff
  2300 | D:6      | XOM: summons 3 friendly demons
  2322 | D:6      | Killed a hippogriff
  2464 | D:6      | HP: 3/100 [something (4)]
  2464 | D:6      | Slain by a sky beast

Levels and vault maps discovered:
D:1:      eino_arrival_cavern_d, layout_loops_ring
D:2:      minmay_general_purpose_star, layout_basic, grunt_dithmenos_smoke,
          okawaru_trees_2
D:3:      layout_rooms, nicolae_overflow_hidden_temple, uniq_natasha
D:4:      layout_basic, gammafunk_temple_overflow_claw, first_ration
D:6:      layout_basic, lemuel_round_altar, slow_altar_2, portal_sewer_entry_d,
          hangedman_abyss_or_decor_lesser_grid, minmay_three_doors
D:7:      layout_loops_ring, minmay_temple_entry_large_hall
Temple:   nicolae_temple_figure_eight

Skill      XL: |  1  2  3  4  5  6  7  8 |
---------------+-------------------------+-----
Invocations    | 1 2 3 |  3.3
Short Blades   | 1 2 3 |  3.0
Axes           | 1 2 3 |  3.0
Maces & Flails | 1 2 3 |  3.0
Polearms       | 1 2 3 |  3.0
Staves         | 1 2 3 |  3.0
Slings         | 1 2 3 |  3.0
Bows           | 1 2 3 |  3.0
Crossbows      | 1 2 3 |  3.0
Throwing       | 1 2 3 |  3.0
Stealth        | 1 2 3 |  3.0
Shields        | 1 2 3 |  3.0
Unarmed Combat | 1 2 3 |  3.0
Spellcasting   | 1 2 3 |  3.0
Evocations     | 1 2 3 |  3.0
Conjurations   | 1 2 |  2.4
Hexes          | 1 2 |  2.4
Charms         | 1 2 |  2.4
Summonings     | 1 2 |  2.4
Necromancy     | 1 2 |  2.4
Translocations | 1 2 |  2.4
Transmutations | 1 2 |  2.4
Fire Magic     | 1 2 |  2.4
Ice Magic      | 1 2 |  2.4
Air Magic      | 1 2 |  2.4
Earth Magic    | 1 2 |  2.4
Poison Magic   | 1 2 |  2.4
Dodging        | 3 4 |  4.0
Armour         | 5 |  5.5
Fighting       | 7 |  7.2
Long Blades    | 7 |  7.2

Action                   |  1- 3 |  4- 6 |  7- 9 || total
-------------------------+-------+-------+-------++-------
Melee: Falchion          |    76 |   123 |   133 ||   332
       Bite              |     6 |    14 |    14 ||    34
Throw: Boomerang         |       |     1 |    10 ||    11
  Use: Scroll            |     2 |     4 |     3 ||     9
       Potion            |       |     1 |     1 ||     2
 Stab: Paralysed         |       |     1 |       ||     1
  Eat: Chunk             |       |     2 |     4 ||     6
Armor: Leather armour    |     9 |       |       ||     9
       Scale mail        |    18 |    49 |    46 ||   113
Dodge: Dodged            |    28 |    55 |    44 ||   127
Block: Buckler           |       |    13 |    35 ||    48
       Rpst.: Falchion   |     8 |    17 |     6 ||    31

Table legend:
 A = Non-vault XP
 B = Vault XP
 C = Vault XP percentage of total XP
 D = Non-vault monster count
 E = Vault monster count
 F = Vault count percentage of total count
                 A         B        C        D         E       F
            +---------+---------+-------+---------+---------+-------
      Total |    1409 |      40 |   2.8 |      94 |       4 |   4.1
            +---------+---------+-------+---------+---------+-------
        D:1 |      23 |       0 |   0.0 |      13 |       0 |   0.0
        D:2 |      76 |       5 |   6.2 |      20 |       3 |  13.0
        D:3 |     302 |      35 |  10.4 |      29 |       1 |   3.3
        D:4 |     405 |       0 |   0.0 |      10 |       0 |   0.0
        D:6 |     295 |       0 |   0.0 |       8 |       0 |   0.0
        D:7 |     308 |       0 |   0.0 |      14 |       0 |   0.0
            +---------+---------+-------+---------+---------+-------
